 Dungeon Crawl Stone Soup version 0.27-a0-385-g3208abaabc (webtiles) character file.

Game seed: 2184585077896705100

13759 jasper the Basher (level 11, -8/95 HPs)
             Began as a Demigod Fighter on Feb 20, 2021.
             Mangled by a cyan ugly thing (17 damage)
             ... on level 12 of the Dungeon.
             The game lasted 00:16:17 (14706 turns).

jasper the Basher (Demigod Fighter)                Turns: 14706, Time: 00:16:18

Health: -8/95      AC: 22    Str: 29    XL:     11   Next: 51%
Magic:  14/14      EV:  4    Int: 10    God:
Gold:   166        SH: 23    Dex: 13    Spells: 10/10 levels left

rFire    . . .     SeeInvis .   y - +0 morningstar
rCold    + . .     Faith    .   P - +0 tower shield
rNeg     . . .     Spirit   .   v - +0 plate armour
rPois    .         Reflect  +   (no helmet)
rElec    .         Harm     .   s - +0 cloak
rCorr    .         Rampage  .   o - +0 pair of gloves
Will     +....                  D - +0 pair of boots
Stlth    ..........             E - amulet of reflection
HPRegen  0.25/turn              m - ring of protection from cold
MPRegen  0.14/turn              u - +4 ring of protection

@: no status effects
A: high mp 1
a: no special abilities


You were on level 12 of the Dungeon.
You visited 1 branch of the dungeon, and saw 12 of its levels.

You collected 592 gold pieces.
You spent 426 gold pieces at shops.

Inventory:

Hand Weapons
 a - a +0 flail
 w - a +1 whip of holy wrath
 y - a +0 morningstar (weapon)
 C - a +2 flail of protection
Missiles
 g - 357 stones (quivered)
 N - 5 boomerangs
Armour
 b - a +0 scale mail
 c - a +0 kite shield
 k - a +0 chain mail
 o - a +0 pair of gloves (worn)
 s - a +0 cloak (worn)
 v - a +0 plate armour (worn)
 D - a +0 pair of boots (worn)
 P - a +0 tower shield (worn)
Jewellery
 m - a ring of protection from cold (left hand)
 u - a +4 ring of protection (right hand)
 B - a +6 ring of dexterity
 E - an amulet of reflection (around neck)
 O - a +4 ring of protection
 R - a ring of flight
Wands
 t - a wand of random effects (5)
 G - a wand of polymorph (4)
 H - a wand of charming (9)
 K - a wand of flame (18)
 Q - a wand of paralysis (9)
Scrolls
 d - 3 scrolls of amnesia
 e - 4 scrolls of fog
 h - 7 scrolls of blinking
 i - 2 scrolls of magic mapping
 j - 3 scrolls of noise
 l - 6 scrolls of teleportation
 n - a scroll of fear
 p - 6 scrolls of enchant armour
 r - 4 scrolls of immolation
 x - 2 scrolls of random uselessness
 z - 2 scrolls of enchant weapon
 M - 4 scrolls of identify
Potions
 f - 4 potions of heal wounds
 q - 2 potions of brilliance
 A - a potion of mutation
 F - 3 potions of curing
 I - a potion of invisibility
 L - a potion of might
Miscellaneous
 J - a phial of floods (inert)


   Skills:
 + Level 8.4 Fighting
 - Level 10.0 Maces & Flails
 + Level 8.5 Armour
 + Level 8.5 Shields
 - Level 5.0 Evocations


You had 10 spell levels left.
You didn't know any spells.
Your spell library contained the following spells:

 Spells                   Type           Power        Failure   Level
 Animate Dead             Necr           0%           100%        4
 Borgnjor's Vile Clutch   Necr/Erth      0%           100%        5
 Death Channel            Necr           0%           100%        6
 Simulacrum               Ice/Necr       0%           100%        6


Dungeon Overview and Level Annotations

Branches:
Dungeon (12/15)            Temple (0/1) D:7            Lair (0/6) D:10
    Orc (0/2) D:11

Shops:
D:9 ?*   D:10 *[

Annotations:
D:4 2 transporters, sraybest's ghost, amateur HOFi


Innate Abilities, Weirdness & Mutations

You have an increased reservoir of magic. (+10% MP)


Message History

The cyan ugly thing punches you. The cyan ugly thing shocks you!
You block the fire elemental's attack.
The deep elf pyromancer mumbles some strange words.
The deep elf pyromancer blinks!
You take 20 damage, and have 61/95 hp.
MASSIVE DAMAGE!!
You are too injured to fight recklessly!
You are too injured to fight recklessly!
You impale the cyan ugly thing!!
The cyan ugly thing is moderately wounded.
You are covered in liquid flames!
The fire elemental hits you. The fire elemental burns you!
The cyan ugly thing punches you but does no damage.
The fire elemental hits you. The fire elemental burns you!
You block the fire elemental's attack. You block the cyan ugly thing's attack.
You take 16 damage, and have 45/95 hp.
You bludgeon the cyan ugly thing!!
The cyan ugly thing is severely wounded.
You block the fire elemental's attack. The fire elemental hits you.
The fire elemental burns you!
The deep elf pyromancer casts a spell.
The deep elf pyromancer blinks!
You block the fire elemental's attack. You block the cyan ugly thing's attack.
The fire elemental hits you. The fire elemental burns you!
You take 11 damage, and have 34/95 hp.
You barely miss the cyan ugly thing.
The cyan ugly thing is severely wounded.
You block the fire elemental's attack. You block the cyan ugly thing's attack.
The fire elemental hits you. The fire elemental burns you!
* * * LOW HITPOINT WARNING * * *
You block the fire elemental's attack. The cyan ugly thing barely misses you.
You take 9 damage, and have 25/95 hp.
You closely miss the cyan ugly thing.
The cyan ugly thing is severely wounded.
The fire elemental disappears in a puff of smoke!
The fire elemental hits you. The fire elemental burns you!
* * * LOW HITPOINT WARNING * * *
You block the fire elemental's attack. The cyan ugly thing punches you!
* * * LOW HITPOINT WARNING * * *
The cyan ugly thing shocks you!
You die...

#....## #<.....#
#..... #....#
#..###.#####......
#....# ##.#
#.......#....
#....# #####..#
###.###.#....
#....#
##.....#####..#
#...... #...##
#..#######....# #.
.... #...####.##
##....##.#
##.###.>.#
#Eu#####...
#.....### #@##
###..# ####### #E#
.... .○# ##.# #.##
. ☼..○ ... ###


You could see a cyan ugly thing and 2 fire elementals.

Vanquished Creatures
  3 two-headed ogres
  2 cyclopes
  A gargoyle (D:9)
  A komodo dragon (D:10)
  A hornet (D:10)
  Grinder (D:4)
  3 trolls
  A meliai zombie (D:11)
  A wraith (D:12)
  13 yaks
  2 wyverns
  2 shadows
  A warg (D:11)
  2 soldier ants (D:11)
  4 water moccasins
  4 black bears
  2 ice beasts
  A hornet zombie (D:11)
  A necrophage (D:8)
  A sky beast (D:7)
  5 orc warriors
  2 ogres (D:9)
  6 centaurs
  A phantom (D:9)
  2 kobold brigands
  A gnoll sergeant (D:9)
  9 bullfrogs
  A water moccasin zombie (D:8)
  12 scorpions
  20 wights
  5 howler monkeys
  2 bullfrog zombies
  6 hounds
  A centaur zombie (D:6)
  9 orc priests
  3 centaur skeletons
  6 jellies
  2 bullfrog skeletons
  A gnoll shaman (D:7)
  3 iguanas
  7 orc wizards
  4 worker ants
  A hound skeleton (D:4)
  14 gnolls
  8 adders
  A white imp (D:8)
  An adder zombie (D:8)
  2 worms (D:2)
  2 dart slugs (D:1)
  5 leopard geckos
  50 orcs
  8 giant cockroaches
  11 goblins
  7 hobgoblins
  18 jackals
  9 kobolds
  2 quokkas
  A ball python (D:2)
  13 bats
  8 frilled lizards
  A leopard gecko skeleton (D:4)
  A leopard gecko zombie (D:7)
  7 rats
325 creatures vanquished.

Vanquished Creatures (others)
  3 orc wizards
  49 fungi
  57 plants
109 creatures vanquished.

Grand Total: 434 creatures vanquished

Notes
Turn   | Place    | Note
-------+----------+-------------------------------------------
     0 | D:1      | jasper the Demigod Fighter began the quest for the Orb.
     0 | D:1      | Reached XP level 1. HP: 18/18 MP: 3/3
    47 | D:1      | Reached skill level 2 in Maces & Flails
   109 | D:1      | Reached XP level 2. HP: 6/25 MP: 4/4
   482 | D:1      | Found a broken altar of Ashenzari.
   981 | D:1      | Reached XP level 3. HP: 30/31 MP: 5/5
  1623 | D:2      | Found a hide-covered altar of Uskayaw.
  1698 | D:2      | Reached skill level 3 in Maces & Flails
  2003 | D:2      | Found a shadowy altar of Dithmenos.
  2006 | D:2      | Found a radiant altar of Vehumet.
  2013 | D:2      | Reached XP level 4. HP: 38/38 MP: 6/6
  2017 | D:2      | Found a sacrificial altar of Ru.
  2498 | D:3      | Found a sparkling altar of Nemelex Xobeh.
  3129 | D:3      | Reached skill level 4 in Maces & Flails
  3153 | D:3      | Reached XP level 5. HP: 43/45 MP: 7/7
  3508 | D:4      | Noticed Grinder
  3559 | D:4      | Paralysed by Grinder for 3 turns
  3567 | D:4      | Killed Grinder
  3568 | D:4      | Reached skill level 5 in Maces & Flails
  3568 | D:4      | Reached XP level 6. HP: 15/51 MP: 8/8
  3862 | D:4      | Found a glowing silver altar of Zin.
  3862 | D:4      | Found a stormy altar of Qazlal.
  3863 | D:4      | Found a burning altar of Makhleb.
  4017 | D:4      | Reached skill level 6 in Maces & Flails
  4025 | D:4      | Found a hazy altar of Hepliaklqana.
  4051 | D:4      | Found a transporter.
  4057 | D:4      | Noticed sraybest's ghost (amateur HOFi)
  4058 | D:4      | Found a transporter.
  4058 | D:4      | Identified the +7 dire flail of Yfeumin {venom, Dex+2 SInv}
  4541 | D:4      | Reached XP level 7. HP: 57/57 MP: 9/9
  4738 | D:5      | Entered Level 5 of the Dungeon
  4762 | D:5      | Reached skill level 7 in Maces & Flails
  5152 | D:5      | Found an opulent altar of Gozag.
  5487 | D:5      | Found an ornate altar of the Wu Jian Council.
  6126 | D:7      | Reached skill level 8 in Maces & Flails
  6555 | D:7      | Reached XP level 8. HP: 50/63 MP: 10/10
  6655 | D:7      | Reached skill level 9 in Maces & Flails
  6887 | D:7      | Found a white marble altar of Elyvilon.
  7194 | D:7      | Found a staircase to the Ecumenical Temple.
  7454 | D:7      | Reached skill level 10 in Maces & Flails
  7661 | D:8      | Reached skill level 1 in Evocations
  7700 | D:8      | HP: 3/63 [orc warrior/+0 flail (18)]
  7856 | D:8      | Reached XP level 9. HP: 45/71 MP: 11/11
  8317 | D:8      | Found an iron altar of Okawaru.
  8526 | D:8      | Found a blossoming altar of Fedhas.
  8576 | D:8      | Noticed a two-headed ogre
  8588 | D:8      | Killed a two-headed ogre
  8589 | D:8      | Reached skill level 5 in Fighting
  8589 | D:8      | Reached skill level 5 in Armour
  8589 | D:8      | Reached skill level 5 in Shields
  9521 | D:9      | Found Inodexuv's Magic Scroll Emporium.
  9759 | D:9      | Bought a scroll of blinking for 97 gold pieces
  9759 | D:9      | Bought a scroll of blinking for 97 gold pieces
  9759 | D:9      | Bought a scroll of identify for 26 gold pieces
  9759 | D:9      | Bought a scroll of identify for 26 gold pieces
  9759 | D:9      | Bought a scroll of identify for 26 gold pieces
  9759 | D:9      | Bought a scroll of identify for 26 gold pieces
  9770 | D:9      | Noticed a gargoyle
  9779 | D:9      | Killed a gargoyle
  9780 | D:9      | Reached XP level 10. HP: 72/81 MP: 13/13
 10052 | D:9      | Found Laihu's General Store.
 10064 | D:9      | Bought a potion of invisibility for 128 gold pieces
 10134 | D:9      | Reached skill level 5 in Evocations
 10826 | D:10     | Entered Level 10 of the Dungeon
 11598 | D:10     | Found a staircase to the Lair.
 11616 | D:10     | Found Maklepuogg's Armour Boutique.
 11780 | D:10     | Found Hahawyta's Assorted Antiques.
 12329 | D:11     | Noticed a two-headed ogre
 12675 | D:11     | Killed a two-headed ogre
 12930 | D:11     | Reached XP level 11. HP: 92/92 MP: 14/14
 12946 | D:11     | Found a staircase to the Orcish Mines.
 13111 | D:11     | Noticed a two-headed ogre
 13253 | D:11     | Killed a two-headed ogre
 14682 | D:12     | Noticed a deep elf pyromancer
 14706 | D:12     | Mangled by a cyan ugly thing

Illustrated notes

Levels and vault maps discovered:
D:1:      dpeg_arrival_stonehenge_12_columns, layout_basic, st_stairs_2,
          minmay_misc_feat_chi, nicolae_ashenzari_panopticon
D:2:      layout_rooms, grunt_temple_overflow_diamond, lemuel_doored_altar
D:3:      layout_loops_ring, nicolae_overflow_crystal_walls
D:4:      layout_loops_ring, nicolae_overflow_quartered_altars,
          gammafunk_ghost_smash, uniq_grinder
D:5:      layout_loops_corners, kennysheep_little_box,
          nicolae_gozag_cash_rules_everything_around_me
D:6:      layout_basic, minmay_hollow_rounded_squares
D:7:      old_forge, layout_loops_ring, minmay_temple_entry_poolview,
          basic_altar
D:8:      layout_loops_ring, kennysheep_okawaru_gauntlet, fedhas_altar_1
D:9:      layout_basic, serial_shops, nicolae_shop_waterfront, shop
D:10:     layout_roguey, due_lair_maze_entry_diamond, serial_shops,
          nicolae_shop_waterfront, nicolae_shop_stone
D:11:     layout_loops_ring, erik_orc_4
D:12:     layout_rooms

Skill      XL: |  1  2  3  4  5  6  7  8  9 10 11 |
---------------+----------------------------------+-----
Maces & Flails | 2 3 4 5 6 8 10 | 10.0
Armour         | 3 5 7 8 |  8.5
Fighting       | 3 5 7 8 |  8.4
Shields        | 3 5 7 8 |  8.5
Evocations     | 2 4 5 |  5.0

Action                   |  1- 3 |  4- 6 |  7- 9 | 10-12 || total
-------------------------+-------+-------+-------+-------++-------
Melee: Flail             |   166 |   163 |    80 |       ||   409
       Morningstar       |       |       |   425 |   529 ||   954
Throw: Stone             |    27 |     9 |    48 |    51 ||   135
Evoke: Wand              |       |       |    17 |     1 ||    18
       Phial of floods   |       |       |       |     2 ||     2
  Use: Potion            |     1 |     1 |     2 |     1 ||     5
       Scroll            |       |     5 |    10 |     1 ||    16
Armor: Scale mail        |   106 |     2 |       |       ||   108
       Chain mail        |       |    73 |    17 |       ||    90
       Plate armour      |       |       |   215 |   191 ||   406
Dodge: Dodged            |    57 |    27 |    89 |    76 ||   249
Block: Kite shield       |   102 |    92 |   288 |   378 ||   860
       Reflection        |       |       |     5 |    13 ||    18
       Tower shield      |       |       |       |   103 ||   103

Table legend: (Time is in decaauts)
 A = Elapsed time spent in this place.
 B = Non-inter-level travel time spent in this place.
 C = Inter-level travel time spent in this place.
 D = Time resting spent in this place.
 E = Time spent auto-exploring this place.
 F = Levels seen in this place.
 G = Mean time per level.
                   A        B        C        D        E       F      G
               +--------+--------+--------+--------+--------+-----+--------+
         Total |  15167 |  14834 |    333 |   2887 |   8889 |  12 | 1263.9 |
       Dungeon |  15167 |  14834 |    333 |   2887 |   8889 |  12 | 1263.9 |
               +--------+--------+--------+--------+--------+-----+--------+

Top non-repeatable levels by time:
    D:10: 2055 daAuts
     D:7: 2023 daAuts
     D:8: 1750 daAuts
     D:2: 1528 daAuts
    D:11: 1494 daAuts
     D:9: 1389 daAuts
     D:4: 1348 daAuts
     D:1: 1051 daAuts
     D:3: 992 daAuts
     D:5: 962 daAuts
    D:12: 443 daAuts
     D:6: 127 daAuts
